 Dungeon Crawl Stone Soup version 0.29-a0-664-gff9cad4a3d (webtiles) character file.

Game seed: 14929888166561962531

81 sammy202020 the Skirmisher (level 4, 0/55 HPs)
             Began as a Demonspawn Berserker on June 22, 2022.
             Was a Believer of Trog.
             Succumbed to an orc priest's poison
             ... on level 3 of the Dungeon.
             The game lasted 00:03:12 (2410 turns).

sammy202020 the Skirmisher (Demonspawn Berserker)   Turns: 2410, Time: 00:03:13

Health: 0/55       AC:  8    Str: 18    XL:     4   Next: 20%
Magic:  4/4        EV: 11    Int: 10    God:    Trog [**....]
Gold:   3          SH:  0    Dex: 12    Spells: 3/3 levels left

rFire   . . .      SeeInvis .   a - +0 hand axe
rCold   . . .      Faith    .   (no shield)
rNeg    . . .      Spirit   .   i - +0 ring mail
rPois   .          Reflect  .   c - +0 helmet
rElec   .          Harm     .   (no cloak)
rCorr   .          Rampage  .   (no gloves)
Will    ++...                   (no boots)
Stlth   ..........              (no amulet)
HPRegen 1.18/turn               (no ring)
MPRegen 0.09/turn               (no ring)

@: berserking, lethally poisoned (0 -> -2), strong-willed (expiring),
regenerating (expiring), studying Fighting, very quick
A: yellow scales 1, demonic guardian 1
a: Renounce Religion, Berserk, Trog's Hand


You were on level 3 of the Dungeon.
You worshipped Trog.
Trog was pleased with you.
You visited 1 branch of the dungeon, and saw 3 of its levels.

You collected 115 gold pieces.
You spent 112 gold pieces at shops.

Inventory:

Hand Weapons
 a - a +0 hand axe (weapon)
Missiles
 m - a throwing net (quivered)
Armour
 c - a +0 helmet (worn)
 i - a +0 ring mail (worn)
Wands
 k - a wand of flame (22)
Scrolls
 j - a scroll of teleportation {unknown}
Potions
 b - a potion of magic
 d - 3 potions of flight
 e - a potion of haste {unknown}
 f - a potion of lignification {unknown}
 g - a potion of might {unknown}
 h - a potion of heal wounds
 l - a potion of mutation


   Skills:
 * Level 4.3 Fighting
 * Level 3.4 Axes
 + Level 2.2 Armour
 + Level 2.2 Dodging


You had 3 spell levels left.
You didn't know any spells.
Your spell library was empty.

Dungeon Overview and Level Annotations

Branches:
Dungeon (3/15)

Altars:

Shops:
D:1 !


Innate Abilities, Weirdness & Mutations

You are partially covered in yellow scales. (AC +2)
A weak demonic guardian rushes to your aid.


Message History

The orc priest hits you with a +0 mace of venom.
You are more poisoned.
A red film seems to cover your vision as you go berserk!
You feel yourself moving faster!
You feel mighty!
You feel very sick. The orc hits you but does no damage.
The orc priest calls upon Beogh to heal the orc.
The orc's wounds heal themselves!
You closely miss the orc priest.
The orc priest is moderately wounded.
You hit the orc.
You feel very sick. The orc hits you with a +0 mace.
The orc priest invokes the aid of Beogh against you.
Beogh smites you!
* * * LOW HITPOINT WARNING * * *
A demonic guardian appears!
You hit the orc priest.
The orc priest is heavily wounded.
You hit the orc.
* * * LOW HITPOINT WARNING * * *
You feel sick. The orc barely misses you. The orc priest barely misses you.
The orc wizard casts a spell.
The orc wizard flickers and vanishes!
Deactivating autopickup; reactivate with Ctrl-A.
You slash the orc priest!
You kill the orc priest!
Trog accepts your kill.
You hit the orc.
You kill the orc!
Trog accepts your kill.
* * * LOW HITPOINT WARNING * * *
You feel sick.
Your Fighting skill increases to level 4!
You have reached level 4!
You feel stronger.
Your demonic ancestry asserts itself...
Yellow scales grow over part of your body.
Unknown command.
Unknown command.
You die...

....... # ## ....... #.
#. ### .......
#.##.##.## #.. {......
#........# #.# g......
#........####.# o.)....
#..........##.##Sog..).
#.............@.5#
#..........##.##.#
#........##......#
#........##.#.####
#....##.##......
#.......##..#.# #
##...#..##..#.#
##.##........#
#.##.###..#


You could see an orc (ally target), a hobgoblin, a ball python and a friendly
quasit (summoned).

Vanquished Creatures
  An orc priest (D:3)
  2 worms
  A dart slug (D:1)
  An orc (D:3)
  2 ball pythons
  8 endoplasms
  2 giant cockroaches
  2 goblins (D:1)
  5 hobgoblins
  2 kobolds
  A quokka (D:2)
  5 bats
  2 frilled lizards
  5 rats
39 creatures vanquished.

Vanquished Creatures (collateral kills)
  A hobgoblin (D:2)
  A quokka (D:2)
2 creatures vanquished.

Grand Total: 41 creatures vanquished

Notes
Turn   | Place    | Note
-------+----------+-------------------------------------------
     0 | D:1      | sammy202020 the Demonspawn Berserker began the quest for
                  | the Orb.
     0 | D:1      | Reached XP level 1. HP: 18/18 MP: 1/1
   357 | D:1      | Gained mutation: A weak demonic guardian rushes to your
                  | aid. [demonic ancestry]
   357 | D:1      | Reached XP level 2. HP: 23/24 MP: 2/2
   822 | D:1      | Found Giall's Distillery.
   881 | D:1      | Identified a scroll of acquirement
   881 | D:1      | Acquired a manual of Fighting
  1106 | D:2      | Reached XP level 3. HP: 14/29 MP: 3/3
  1745 | D:2      | Reached ** piety under Trog
  1998 | D:2      | Found a faded altar of an unknown god.
  2303 | D:1      | Bought a potion of mutation for 112 gold pieces
  2408 | D:3      | HP: 2/45 [poisoned by an orc priest]
  2410 | D:3      | Reached skill level 4 in Fighting
  2410 | D:3      | Gained mutation: You are partially covered in yellow
                  | scales. (AC +2) [demonic ancestry]
  2410 | D:3      | Reached XP level 4. HP: 1/37 MP: 4/4
  2410 | D:3      | Succumbed to an orc priest's poison

Illustrated notes

Levels and vault maps discovered:
D:1:      minmay_arrival_three_doors, layout_loops_ring, serial_shops, shop
D:2:      layout_loops_cross, basic_ecumenical_altar, kennysheep_generic_room_3
D:3:      layout_loops_ring, bloody_trog, minmay_misc_feat_rows

Skill      XL: |  1  2  3 |
---------------+----------+-----
Dodging        | 2 |  2.2
Axes           | 3 |  3.4
Armour         | 2 |  2.2
Fighting       | 4 |  4.3

Action                   |  1- 3 |  4- 6 || total
-------------------------+-------+-------++-------
Melee: Hand axe          |   116 |       ||   116
Invok: Berserk           |     1 |       ||     1
       Trog's Hand       |     1 |       ||     1
  Use: Scroll            |     6 |       ||     6
Armor: Leather armour    |     9 |       ||     9
       Ring mail         |    34 |       ||    34
Dodge: Dodged            |    75 |       ||    75

Table legend: (Time is in decaauts)
 A = Elapsed time spent in this place.
 B = Non-inter-level travel time spent in this place.
 C = Inter-level travel time spent in this place.
 D = Time resting spent in this place.
 E = Time spent auto-exploring this place.
 F = Levels seen in this place.
 G = Mean time per level.
                   A        B        C        D        E       F      G
               +--------+--------+--------+--------+--------+-----+--------+
         Total |   2427 |   2370 |     57 |      0 |   1980 |   3 |  809.0 |
       Dungeon |   2427 |   2370 |     57 |      0 |   1980 |   3 |  809.0 |
               +--------+--------+--------+--------+--------+-----+--------+

Top non-repeatable levels by time:
     D:2: 1419 daAuts
     D:1: 929 daAuts
     D:3: 78 daAuts
